 Dungeon Crawl Stone Soup version 0.30-a0-709-gcdc1b43e22 (webtiles) character file.

Game seed: 13112912687656487542

175 Citaku the Covered (level 5, -2/47 HPs)
             Began as a Minotaur Fighter on Jan 22, 2023.
             Slain by an orc warrior
             ... wielding a +0 halberd
              (9 damage)
             ... on level 4 of the Dungeon.
             The game lasted 00:04:19 (2364 turns).

Citaku the Covered (Minotaur Fighter)               Turns: 2364, Time: 00:04:20

Health: -2/47      AC: 11    Str: 22    XL:     5   Next: 29%
Magic:  4/4        EV: 10    Int:  5    God:
Gold:   133        SH:  4    Dex: 10    Spells: 4/4 levels left

rFire   . . .      SeeInvis .    a - +0 war axe
rCold   . . .      Faith    .    c - +0 buckler
rNeg    . . .      Spirit   .    e - quicksilver dragon scales
rPois   .          Reflect  .    (helmet restricted)
rElec   .          Harm     .    (no cloak)
rCorr   .          Rampage  .    (no gloves)
Will    +....                    (no boots) Stlth
                                 (no amulet)
HPRegen 0.27/turn                (no ring)
MPRegen 0.09/turn                (no ring)

@: mighty
A: horns 2, retaliatory headbutt
a: no special abilities


You were on level 4 of the Dungeon.
You visited 1 branch of the dungeon, and saw 4 of its levels.

You collected 133 gold pieces.

Inventory:

Hand Weapons
 a - a +0 war axe (weapon)
Armour
 c - a +0 buckler (worn)
 e - quicksilver dragon scales (worn)
Wands
 n - a wand of charming (12)
Scrolls
 b - a scroll of butterflies {unknown}
 f - 5 scrolls of identify {unknown}
 g - 2 scrolls of fear {unknown}
 h - a scroll of amnesia {unknown}
 i - 2 scrolls of brand weapon {unknown}
 j - a scroll of immolation {unknown}
 m - 2 scrolls of poison {unknown}
 o - a scroll of acquirement {unknown}
 p - 3 scrolls of vulnerability {unknown}
 q - a scroll of teleportation {unknown}
 r - 2 scrolls of enchant weapon {unknown}
 s - a scroll of fog {unknown}
Potions
 d - 5 potions of might
 k - 2 potions of haste {unknown}
 l - a potion of curing {unknown}


   Skills:
 + Level 4.3 Fighting
 * Level 4.4 Axes
 * Level 5.1 Armour
 + Level 4.4 Shields


You had 4 spell levels left.
You didn't know any spells.
Your spell library was empty.

Dungeon Overview and Level Annotations

Branches:
Dungeon (4/15)             Temple (0/1) D:4

Altars:
Nemelex Xobeh
Zin

Shops:
D:4 *


Innate Abilities, Weirdness & Mutations

You have a pair of horns on your head.
You reflexively headbutt those who attack you in melee.


Message History

You see here a +0 dagger.
You closely miss the orc warrior. You completely miss the orc.
You closely miss the adder. The adder closely misses you.
The orc warrior hits you with a +0 halberd.
The orc hits you with a +0 war axe! The adder bites you but does no damage.
You completely miss the orc warrior. You headbutt the orc warrior.
The orc warrior is moderately wounded.
You slash the adder!
You kill the adder!
You closely miss the orc. The orc warrior barely misses you.
The orc hits you with a +0 war axe.
You barely miss the orc warrior.
The orc warrior is moderately wounded.
You barely miss the orc.
The orc warrior hits you with a +0 halberd.
You block the orc's attack. The orc barely misses you.
The orc warrior hits you but does no damage.
You hit the orc warrior but do no damage.
The orc warrior is moderately wounded.
You hit the orc.
The orc warrior hits you but does no damage.
The orc hits you with a +0 war axe.
* * * LOW HITPOINT WARNING * * *
You closely miss the orc.
The orc is severely wounded.
You closely miss the orc warrior. The orc warrior barely misses you.
The orc hits you with a +0 war axe.
* * * LOW HITPOINT WARNING * * *
You slice the orc!!
You kill the orc!
You barely miss the orc warrior.
The orc warrior hits you with a +0 halberd.
* * * LOW HITPOINT WARNING * * *
You block the orc warrior's attack. The shadow imp hits you.
* * * LOW HITPOINT WARNING * * *
You slash the orc warrior!
The orc warrior is heavily wounded.
You closely miss the shadow imp.
The orc warrior hits you with a +0 halberd!
You die...

#.#.............###
....#.##..##......#
.####.....##..##..# .#
......##.....## .#
#...##.^.....# .#
#...........### .##
.###....##.# ..#
###....).# .......
#......†@5#
...##..#..#...###o<...#
.### ##..... #....# .#
.....# ....# .# ......
.### ... #.##.. .. ...
.. .. .. .!.


You could see an orc warrior and a shadow imp.

Vanquished Creatures
  2 orc wizards
  2 adders
  2 worms
  4 dart slugs
  7 orcs
  8 bats
  4 endoplasms
  4 giant cockroaches
  8 goblins
  5 hobgoblins
  11 jackals
  2 kobolds
  4 quokkas
  6 ball pythons
  A frilled lizard (D:3)
  5 rats
75 creatures vanquished.

Notes
Turn   | Place    | Note
-------+----------+-------------------------------------------
     0 | D:1      | Citaku the Minotaur Fighter began the quest for the Orb.
     0 | D:1      | Reached XP level 1. HP: 19/19 MP: 0/0
   177 | D:1      | Reached XP level 2. HP: 27/27 MP: 1/1
   230 | D:1      | Reached skill level 4 in Armour
   533 | D:1      | Reached XP level 3. HP: 33/33 MP: 2/2
  1468 | D:3      | Reached XP level 4. HP: 40/40 MP: 3/3
  2026 | D:3      | Found a faded altar of an unknown god.
  2136 | D:4      | Found Zin's Purification Station.
  2138 | D:4      | Found a glowing silver altar of Zin.
  2140 | D:4      | Found a staircase to the Ecumenical Temple.
  2198 | D:4      | Found a sparkling altar of Nemelex Xobeh.
  2351 | D:4      | Noticed an orc warrior
  2355 | D:4      | Reached XP level 5. HP: 46/46 MP: 4/4
  2357 | D:4      | Reached skill level 5 in Armour
  2364 | D:4      | Slain by an orc warrior

Illustrated notes

Levels and vault maps discovered:
D:1:      dpeg_arrival_refuge, layout_loops_ring
D:2:      layout_loops_ring
D:3:      layout_basic, dreamdust_ecumenical_altar_angels_and_demons,
          kennysheep_potato
D:4:      layout_cave_pools, mainiacjoe_overflow_alcove_1, zin_purify,
          minmay_temple_entry_butterflies, minivault_25, minivault_4,
          uniq_crazy_yiuf_cottage

Skill      XL: |  1  2  3  4  5 |
---------------+----------------+-----
Armour         | 4 5 |  5.1
Axes           | 3 4 |  4.4
Fighting       | 4 |  4.3
Shields        | 4 |  4.4

Action                     |  1- 3 |  4- 6 || total
---------------------------+-------+-------++-------
  Melee: War axe           |    81 |    83 ||   164
         Headbutt          |    10 |     7 ||    17
    Use: Potion            |       |     1 ||     1
 Armour: Quicksilver drago |    35 |    42 ||    77
  Dodge: Dodged            |    39 |    34 ||    73
  Block: Buckler           |    22 |    16 ||    38

Table legend: (Time is in decaauts)
 A = Elapsed time spent in this place.
 B = Non-inter-level travel time spent in this place.
 C = Inter-level travel time spent in this place.
 D = Time resting spent in this place.
 E = Time spent auto-exploring this place.
 F = Levels seen in this place.
 G = Mean time per level.
                   A        B        C        D        E       F      G
               +--------+--------+--------+--------+--------+-----+--------+
         Total |   2421 |   2296 |    125 |      0 |   1845 |   4 |  605.2 |
       Dungeon |   2421 |   2296 |    125 |      0 |   1845 |   4 |  605.2 |
               +--------+--------+--------+--------+--------+-----+--------+

Top non-repeatable levels by time:
     D:3: 829 daAuts
     D:1: 765 daAuts
     D:2: 576 daAuts
     D:4: 250 daAuts
